 Dungeon Crawl Stone Soup version 0.22.0-18-ge075c0d (webtiles) character file.

15031 Amnesiac the Thaumaturge (level 11, -14/86 HPs)
             Began as a Mummy Air Elementalist on Aug 18, 2018.
             Was a High Priest of Dithmenos.
             Shot with an arrow by a deep elf archer (25 damage)
             ... on level 12 of the Dungeon.
             The game lasted 00:30:26 (16378 turns).

Amnesiac the Thaumaturge (Mummy Air Elementalist)  Turns: 16378, Time: 00:30:27

Health: -14/86     AC:  6    Str: 12    XL:     11   Next: 96%
Magic:  5/32       EV: 16    Int: 17    God:    Dithmenos [*****.]
Gold:   612        SH:  0    Dex: 13    Spells: 14/26 levels left

rFire    . . .     SeeInvis .   a - +2 dagger (drain)
rCold    + . .     Gourm    .   (no shield)
rNeg     + + +     Faith    .   j - +1 leather armour {rF+}
rPois    ∞         Spirit   .   (no helmet)
rElec    .         Reflect  .   n - +0 cloak
rCorr    .         Harm     .   F - +0 pair of gloves
MR       ++...                  (no boots)
Stlth    ++........             k - amulet of regeneration
HPRegen  0.64/turn              v - ring of magical power (curse)
MPRegen  0.23/turn              u - ring of protection from magic

@: wreathed by umbra
A: no food or potions, fire vulnerability, cold resistance 1, negative energy
resistance 3, torment resistance, unbreathing
a: Shadow Step, Shadow Form, Renounce Religion


You were on level 12 of the Dungeon.
You worshipped Dithmenos.
Dithmenos was extremely pleased with you.
You were not hungry.

You visited 2 branches of the dungeon, and saw 13 of its levels.

You collected 952 gold pieces.
You spent 340 gold pieces at shops.

Inventory:

Hand Weapons
 a - a +2 dagger of draining (weapon)
 b - a +0 blowgun
 g - a +1 flail of protection
Armour
 e - a +2 shield
 j - a +1 leather armour of fire resistance (worn)
 n - a +0 cloak (worn)
 F - a +0 pair of gloves (worn)
Jewellery
 k - an amulet of regeneration (around neck)
 u - a ring of protection from magic (right hand)
 v - a cursed ring of magical power (left hand)
Wands
 d - a wand of disintegration (16)
 p - a wand of flame (1)
 r - a wand of iceblast (6)
 x - a wand of paralysis (12)
 A - a wand of polymorph (6)
 B - a wand of enslavement (9)
 D - a wand of digging (16)
Scrolls
 c - 3 scrolls of magic mapping {!r}
 f - a scroll of noise {!r}
 h - 3 scrolls of fog {!r}
 i - 10 scrolls of remove curse {!r}
 l - 3 scrolls of amnesia {!r}
 m - 8 scrolls of teleportation {!r}
 o - a scroll of immolation {!r}
 s - a scroll of enchant armour {!r}
 t - a scroll of fear {!r}
 w - 2 scrolls of silence {!r}
 y - a scroll of brand weapon {!r}
 z - a scroll of enchant weapon {!r}
 E - 5 scrolls of identify {!r}


   Skills:
 - Level 8.0 Fighting
 - Level 8.0 Dodging
 - Level 1.5 Stealth
 + Level 4.0 Shields
 - Level 8.0 Spellcasting
 - Level 8.0 Conjurations
 - Level 8.0 Air Magic


You had 14 spell levels left.
You knew the following spells:

 Your Spells              Type           Power        Failure   Level  Hunger
a - Airstrike             Air            ####......   4%          4    N/A
d - Shock                 Conj/Air       ####         1%          1    N/A
e - Lightning Bolt        Conj/Air       ####......   14%         5    N/A
z - Swiftness             Chrm/Air       ###.....     3%          2    N/A

Your spell library contained the following spells:

 Spells                   Type           Power        Failure   Level  Hunger
 Static Discharge         Conj/Air       ####....     1%          3    N/A

Dungeon Overview and Level Annotations

Branches:
Dungeon (12/15)            Temple (1/1) D:6            Lair (0/6) D:11
    Orc (0/2) D:10

Altars:
Ashenzari
Cheibriados
Dithmenos
Elyvilon
Fedhas
Gozag
Hepliaklqana
Kikubaaqudgha
Makhleb
Nemelex Xobeh
Okawaru
Qazlal
Ru
Sif Muna
Trog
Uskayaw
Vehumet
Wu Jian
Xom
Yredelemnul
Zin
The Shining One
Beogh

Shops:
D:8 }([=   D:10 [(

Annotations:
D:7 1 runed door, biddum's ghost, novice DsFi


Innate Abilities, Weirdness & Mutations

You do not eat or drink.
Your flesh is vulnerable to fire.
You are immune to poison.
Your flesh is cold resistant. (rC+)
You are immune to negative energy. (rN+++)
You are immune to unholy pain and torment.
You can survive without breathing.


Message History

The vampire mosquito bites you!
The vampire mosquito closely misses you.
The vampire mosquito completely misses you.
The vampire mosquito barely misses you.
The vampire mosquito closely misses you.
The vampire mosquito bites you but does no damage.
The vampire mosquito barely misses you.
The vampire mosquito bites you but does no damage.
The deep elf archer shoots an arrow.
The arrow hits you!!
* * * LOW HITPOINT WARNING * * *
You see here an arrow.
The vampire mosquito bites you but does no damage.
The vampire mosquito bites you!
* * * LOW HITPOINT WARNING * * *
The vampire mosquito closely misses you.
The vampire mosquito misses you.
Casting: Airstrike (safe; 4% risk of failure)
Confirm with . or Enter, or press ? or * to list all spells.
Aiming: Shock (safe; 1% risk of failure)
Press: ? - help, Shift-Dir - straight line, f/p - centaur warrior zombie
Aim: a centaur warrior zombie (moderately damaged, umbra)
The zap misses the vampire mosquito.
The zap hits the centaur warrior zombie.
The centaur warrior zombie is moderately damaged.
The zap hits the centaur warrior zombie.
The centaur warrior zombie appears unharmed.
The centaur warrior zombie is moderately damaged.
The zap hits the vampire mosquito.
The vampire mosquito is moderately damaged.
The vampire mosquito bites you!
* * * LOW HITPOINT WARNING * * *
The vampire mosquito completely misses you.
Unknown command.
Casting: Shock (safe; 1% risk of failure)
Confirm with . or Enter, or press ? or * to list all spells.
Aiming: Shock (safe; 1% risk of failure)
Press: ? - help, Shift-Dir - straight line, f/p - centaur warrior zombie
Aim: a centaur warrior zombie (moderately damaged, umbra)
The zap hits the vampire mosquito.
The vampire mosquito is heavily damaged.
The zap misses the centaur warrior zombie.
The zap hits the centaur warrior zombie.
The centaur warrior zombie is moderately damaged.
The zap hits the vampire mosquito.
The vampire mosquito is severely damaged.
Your shadow mimicks your spell!
The shadow bolt hits the vampire mosquito.
You destroy the vampire mosquito!
Dithmenos accepts your kill.
Your Shields skill increases to level 4!
The shadow bolt hits the centaur warrior zombie.
Unknown command.
The centaur warrior zombie hits you but does no damage.
The centaur warrior zombie hits you but does no damage.
The centaur warrior zombie barely misses you.
The centaur warrior zombie closely misses you.
The deep elf archer shoots an arrow.
The arrow hits you!
* * * LOW HITPOINT WARNING * * *
You see here an arrow.
There is a stone staircase leading up here.
The centaur warrior zombie hits you.
* * * LOW HITPOINT WARNING * * *
The deep elf archer shoots an arrow.
The arrow hits you!!
You die...

....######### #.#
............#### #.#
[.))...........#########.##
.....(.................e..#
..........................#
####......................#
#......................#
#.............(........#
#...........)@Z........#
#......................#
#...........############
#############


You could see a deep elf archer and a centaur warrior zombie.

Vanquished Creatures
  A hydra (D:12)
  A manticore (D:11)
  Joseph (D:10)
  A centaur skeleton (D:12)
  2 kobold demonologists
  2 trolls
  2 hornets
  Grinder (D:6)
  A hippogriff (D:8)
  12 yaks
  3 hogs (D:8)
  A wyvern (D:8)
  A hungry ghost (D:11)
  A human (D:8)
  A steam dragon (D:7)
  A vampire mosquito (D:12)
  Duvessa (D:6)
  5 ice beasts
  11 orc warriors
  2 phantoms
  3 black bears
  2 sky beasts
  A necrophage (D:12)
  13 ogres
  10 centaurs
  4 wolves (D:11)
  A crocodile (D:9)
  Blork the orc (D:5)
  3 big kobolds
  4 bullfrogs
  A wyvern zombie (D:10)
  A gnoll sergeant (D:8)
  Dowan (D:6)
  3 scorpions
  21 killer bees
  10 wights
  2 howler monkeys (D:5)
  11 electric eels
  5 crimson imps
  A centaur zombie (D:7)
  2 jellies
  12 orc wizards
  A bullfrog zombie (D:11)
  11 hounds
  7 orc priests
  3 gnoll shamans (D:7)
  2 bullfrog skeletons
  5 iguanas
  Ijyb (D:5)
  10 worker ants
  A hound zombie (D:9)
  A mummy (D:8)
  A worker ant zombie (D:9)
  12 gnolls
  6 adders
  2 shadow imps
  An ooze (D:5)
  An adder zombie (D:7)
  2 adder skeletons (D:4)
  2 dart slugs
  4 leopard geckos
  60 orcs
  9 giant cockroaches
  5 hobgoblins
  9 jackals
  6 quokkas
  3 ball pythons
  7 bats
  6 frilled lizards
  10 goblins
  9 kobolds
  A leopard gecko zombie (D:6)
  A quokka skeleton (D:7)
  A quokka zombie (D:10)
  9 rats
  A plant (D:7)
373 creatures vanquished.

Vanquished Creatures (others)
  6 fungi (D:7)
  3 plants (D:7)
9 creatures vanquished.

Grand Total: 382 creatures vanquished

Notes
Turn   | Place    | Note
-------+----------+-------------------------------------------
     0 | D:1      | Amnesiac the Mummy Air Elementalist began the quest for the Orb.
     0 | D:1      | Reached XP level 1. HP: 13/13 MP: 4/4
   451 | D:2      | Reached XP level 2. HP: 19/19 MP: 3/6
   470 | D:2      | Learned a level 2 spell: Swiftness
   716 | D:3      | Found a sparkling altar of Nemelex Xobeh.
   739 | D:3      | Reached XP level 3. HP: 24/24 MP: 4/7
  1262 | D:4      | Reached XP level 4. HP: 27/30 MP: 4/9
  1289 | D:4      | Learned a level 4 spell: Airstrike
  1323 | D:5      | Entered Level 5 of the Dungeon
  1486 | D:4      | Noticed an ogre
  1500 | D:4      | Killed an ogre
  1500 | D:4      | Reached XP level 5. HP: 13/35 MP: 5/11
  1721 | D:4      | Found a glowing silver altar of Zin.
  2319 | D:5      | Noticed Blork the orc
  2335 | D:5      | Killed Blork the orc
  2335 | D:5      | Reached skill level 5 in Spellcasting
  2335 | D:5      | Reached skill level 5 in Air Magic
  2335 | D:5      | Reached XP level 6. HP: 25/41 MP: 3/13
  2792 | D:5      | Found an ornate altar of the Wu Jian Council.
  2794 | D:5      | Found an ancient bone altar of Kikubaaqudgha.
  2833 | D:5      | Noticed Ijyb
  2838 | D:5      | Killed Ijyb
  2838 | D:5      | Reached XP level 7. HP: 15/46 MP: 10/15
  3682 | D:6      | Noticed Grinder
  3694 | D:6      | Killed Grinder
  3844 | D:6      | Reached XP level 8. HP: 52/52 MP: 13/18
  3884 | D:6      | Noticed Duvessa
  3889 | D:6      | Noticed Dowan
  3903 | D:6      | Killed Duvessa
  3903 | D:6      | Killed Dowan
  4480 | D:6      | Found a staircase to the Ecumenical Temple.
  4491 | Temple   | Entered the Ecumenical Temple
  4554 | Temple   | Became a worshipper of Dithmenos the Shadowed
  4808 | D:1      | Reached skill level 1 in Conjurations
  5383 | D:2      | Reached * piety under Dithmenos
  6255 | D:6      | Found a radiant altar of Vehumet.
  6256 | D:6      | Found a burning altar of Makhleb.
  6472 | D:7      | Found a runed door.
  6477 | D:7      | Noticed biddum's ghost (novice DsFi)
  6516 | D:7      | Reached XP level 9. HP: 39/57 MP: 11/21
  6548 | D:7      | Found a stormy altar of Qazlal.
  6905 | D:7      | Reached skill level 5 in Conjurations
  7145 | D:7      | Reached ** piety under Dithmenos
  7778 | D:7      | Learned a level 5 spell: Lightning Bolt
  8021 | D:8      | Reached XP level 10. HP: 63/63 MP: 13/22
  8065 | D:8      | Found Zecitsao's Weapon Shoppe.
  8223 | D:8      | Reached skill level 1 in Fighting
  8755 | D:8      | Reached skill level 5 in Fighting
  8859 | D:8      | Found a snail-covered altar of Cheibriados.
  8973 | D:8      | Found Maall's Gadget Boutique.
  9014 | D:8      | Reached *** piety under Dithmenos
  9167 | D:8      | You fall through a shaft!
  9418 | D:8      | Found Kicod's Antique Armour Shop.
  9426 | D:8      | Bought a glowing robe for 136 gold pieces
  9947 | D:8      | Found Korud's Jewellery Boutique.
  9955 | D:8      | Bought a cursed ring of magical power for 204 gold pieces
 10693 | D:9      | Reached skill level 5 in Dodging
 11566 | D:10     | Entered Level 10 of the Dungeon
 11635 | D:10     | Reached XP level 11. HP: 73/81 MP: 5/23
 12181 | D:10     | Noticed Joseph
 12557 | D:10     | Killed Joseph
 12854 | D:10     | Found Raexzowe's Armour Boutique.
 12854 | D:10     | Found a staircase to the Orcish Mines.
 12998 | D:10     | Found Akesh's Weapon Boutique.
 13438 | D:10     | Reached **** piety under Dithmenos
 14321 | D:11     | Found a staircase to the Lair.
 14852 | D:11     | Found a roughly hewn altar of Beogh.
 14921 | D:11     | Reached ***** piety under Dithmenos
 15642 | D:12     | Noticed a seven-headed hydra
 15650 | D:12     | Killed a seven-headed hydra
 16339 | D:12     | Noticed a deep elf archer
 16378 | D:12     | Shot with an arrow by a deep elf archer

Skill      XL: |  1  2  3  4  5  6  7  8  9 10 11 |
---------------+----------------------------------+-----
Spellcasting   | 3 4 5 6 8 |  8.0
Air Magic      | 3 4 5 6 8 |  8.0
Conjurations   | 3 7 8 |  8.0
Fighting       | 5 8 |  8.0
Dodging        | 5 8 |  8.0
Shields        | 4 |  4.0
Stealth        | |  1.5

Action                   |  1- 3 |  4- 6 |  7- 9 | 10-12 || total
-------------------------+-------+-------+-------+-------++-------
Melee: Flail             |       |       |    12 |       ||    12
       Dagger            |       |       |    28 |    80 ||   108
 Cast: Shock             |    51 |    79 |   297 |   132 ||   559
       Airstrike         |       |       |    12 |   250 ||   262
       Lightning Bolt    |       |       |     2 |    35 ||    37
Evoke: Wand              |       |       |       |     5 ||     5
  Use: Scroll            |     1 |     1 |     5 |     8 ||    15
 Stab: Sleeping          |       |       |     1 |       ||     1
Armor: Robe              |     1 |       |       |       ||     1
       Leather armour    |     3 |     9 |    21 |    35 ||    68
       Steam dragon scal |       |       |    15 |    14 ||    29
Dodge: Dodged            |    14 |    25 |    97 |   298 ||   434
